 Dungeon Crawl Stone Soup version 0.24-a0-580-g6a6c3f83c1 (webtiles) character file.

Game seed: 15738699710355212784

94 Kisielow the Cudgeler (level 4, -9/28 HPs)
             Began as a Gargoyle Fighter on Aug 20, 2019.
             Mangled by an ogre
             ... wielding a +0 giant club
              (14 damage)
             ... on level 3 of the Dungeon.
             The game lasted 00:04:28 (1336 turns).

Kisielow the Cudgeler (Gargoyle Fighter)            Turns: 1336, Time: 00:04:28

Health: -9/28      AC: 17    Str: 26    XL:     4   Next: 63%
Magic:  4/4        EV:  4    Int:  8    God:
Gold:   66         SH: 10    Dex:  9    Spells: 3/3 levels left

rFire    . . .     SeeInvis .   a - +0 flail
rCold    . . .     Gourm    .   c - +1 shield
rNeg     + . .     Faith    .   l - +0 plate armour
rPois    ∞         Spirit   .   g - +0 helmet
rElec    +         Reflect  .   (no cloak)
rCorr    .         Harm     .   (no gloves)
MR       .....                  k - +0 pair of boots
Stlth    ..........             (no amulet)
HPRegen  0.09/turn              (no ring)
MPRegen  0.09/turn              (no ring)

@: mighty
A: negative energy resistance 1, electricity resistance, unbreathing,
petrification resistance, rot immunity, AC +3
a: no special abilities


You were on level 3 of the Dungeon.
You were not hungry.

You visited 1 branch of the dungeon, and saw 3 of its levels.

You collected 66 gold pieces.

Inventory:

Hand Weapons
 a - a +0 flail (weapon)
Armour
 c - a +1 shield (worn)
 g - a +0 helmet (worn)
 k - a +0 pair of boots (worn)
 l - a +0 plate armour (worn)
Jewellery
 b - an uncursed ring of ice
Scrolls
 h - 3 scrolls of identify
 p - a scroll of fear
Potions
 d - a potion of might
 n - a potion of magic
 r - a potion of curing
Comestibles
 f - a ration
 m - 5 chunks of flesh


   Skills:
 + Level 3.3 Fighting
 * Level 4.6 Maces & Flails
 + Level 3.3 Armour
 + Level 3.3 Shields


You had 3 spell levels left.
You didn't know any spells.
Your spell library was empty.

Dungeon Overview and Level Annotations

Branches:
Dungeon (3/15)

Altars:
Hepliaklqana


Innate Abilities, Weirdness & Mutations

You are resistant to torment.
Your stone body is resilient. (AC +3)
You are immune to poison.
You resist negative energy. (rN+)
You are resistant to electric shocks. (rElec)
You can survive without breathing.
You are immune to petrification.
You are immune to rotting.


Message History

The ogre is moderately wounded.
The ogre hits you with a +0 giant club!
* * * LOW HITPOINT WARNING * * *
You feel very mighty all of a sudden. The ogre hits you but does no damage.
You hit the ogre.
The ogre is moderately wounded.
The ogre hits you but does no damage.
You closely miss the ogre.
The ogre is moderately wounded.
The ogre hits you with a +0 giant club.
* * * LOW HITPOINT WARNING * * *
You hit the ogre.
The ogre is heavily wounded.
The ogre hits you but does no damage.
You hit the ogre.
The ogre is severely wounded.
The ogre hits you with a +0 giant club!
Ouch! That really hurt!
You die...

#......# #......#
#......# #......##
.......'.
#......#########
#b†....#.......###
#O# #.#####....
####@######.#...#..##
+....................
####[######..[.<#..##
#...###########....
#...............###
#...#############
+..._......
#....###### ##...#


You could see an ogre and a bat.

Vanquished Creatures
  An orc priest (D:3)
  An adder (D:3)
  2 worms
  A dart slug (D:1)
  A leopard gecko (D:2)
  2 orcs (D:2)
  A giant cockroach (D:2)
  4 goblins
  4 hobgoblins
  10 jackals
  3 bats (D:1)
  8 frilled lizards
  7 rats
45 creatures vanquished.

Notes
Turn   | Place    | Note
-------+----------+-------------------------------------------
     0 | D:1      | Kisielow the Gargoyle Fighter began the quest for the Orb.
     0 | D:1      | Reached XP level 1. HP: 14/14 MP: 1/1
   169 | D:1      | Reached XP level 2. HP: 16/19 MP: 2/2
   228 | D:1      | Reached skill level 3 in Maces & Flails
   737 | D:2      | Reached XP level 3. HP: 22/23 MP: 3/3
   799 | D:2      | Found a faded altar of an unknown god.
  1189 | D:2      | Reached skill level 4 in Maces & Flails
  1208 | D:3      | Reached XP level 4. HP: 28/28 MP: 4/4
  1289 | D:3      | Found a hazy altar of Hepliaklqana.
  1304 | D:3      | Noticed an ogre
  1336 | D:3      | Mangled by an ogre

Levels and vault maps discovered:
D:1:      dpeg_arrival_ternary, layout_basic
D:2:      layout_rooms, chequers_ecumenical_altar_simple
D:3:      layout_basic, kennysheep_ying_yang, overflow_temple_1_default,
          makhleb_altar_promises_db, vehumet_crystals, first_ration

Skill      XL: |  1  2  3 |
---------------+----------+-----
Maces & Flails | 3 4 |  4.6
Fighting       | |  3.3
Armour         | |  3.3
Shields        | |  3.3

Action                   |  1- 3 |  4- 6 || total
-------------------------+-------+-------++-------
Melee: Flail             |   177 |    55 ||   232
  Use: Scroll            |     1 |     9 ||    10
       Potion            |     1 |     1 ||     2
  Eat: Chunk             |     1 |     1 ||     2
Armor: Scale mail        |    59 |       ||    59
       Plate armour      |   139 |    46 ||   185
Dodge: Dodged            |    58 |     8 ||    66
Block: Shield            |   142 |    32 ||   174

Table legend:
 A = Non-vault XP
 B = Vault XP
 C = Vault XP percentage of total XP
 D = Non-vault monster count
 E = Vault monster count
 F = Vault count percentage of total count
                 A         B        C        D         E       F
            +---------+---------+-------+---------+---------+-------
      Total |     135 |       0 |   0.0 |      45 |       0 |   0.0
            +---------+---------+-------+---------+---------+-------
        D:1 |      26 |       0 |   0.0 |      17 |       0 |   0.0
        D:2 |      47 |       0 |   0.0 |      23 |       0 |   0.0
        D:3 |      62 |       0 |   0.0 |       5 |       0 |   0.0
            +---------+---------+-------+---------+---------+-------
